Map: [ESL] Inside and Out

Players

SKillous

  • Race: Protoss Protoss
  • League: Grandmaster
  • Spawn Location: 1:00

Spirit (souL) - Winner!

  • Race: Terran Terran
  • League: Master
  • Spawn Location: 7:00

Event: HomeStory Cup XXII

VOD

Have the link to the VOD?

Description

Time

  • Played on: Dec. 17, 2022, 11:56 a.m.
  • Length: 8:18

All games in this series

Show
View Real Time Build Order
Export as new Build Order

SKillous Protoss 

Build Orders: 1 Gate Expand, Phoenix Opening, Colossus Rush 

Get SALT Encoding   

  12  0:00  Probe  
  13  0:12  Probe  
  14  0:17  Pylon  
  14  0:24  Probe  
  15  0:35  Gateway  
  15  0:36  Probe (Chrono Boost)  
  16  0:46  Probe (Chrono Boost), Assimilator  
  17  0:51  Probe (Chrono Boost)  
  18  1:03  Probe  
  19  1:15  Probe  
  20  1:22  Cybernetics Core  
  20  1:32  Nexus  
  20  1:39  Pylon  
  20  1:41  Probe  
  21  1:48  Assimilator  
  21  1:53  Probe  
  22  1:55  Adept (Chrono Boost)  
  24  2:05  Probe  
  25  2:16  Stargate  
  25  2:17  Probe (Chrono Boost)  
  25  2:20  Adept  
  28  2:28  Probe (Chrono Boost)  
  29  2:33  Warp Gate, Probe (Chrono Boost)  
  31  2:44  Probe (Chrono Boost)  
  31  2:49  Probe (Chrono Boost)  
  31  2:50  Adept  
  34  2:54  Probe (Chrono Boost)  
  34  2:57  Probe (Chrono Boost)  
  36  2:59  Phoenix (Chrono Boost), Probe (Chrono Boost)  
  39  3:08  Probe  
  39  3:11  Probe  
  41  3:13  Pylon  
  41  3:20  Probe  
  41  3:23  Phoenix (Chrono Boost)  
  41  3:24  Probe  
  41  3:25  Gateway  
  45  3:32  Probe  
  46  3:36  Probe  
  46  3:39  Assimilator  
  46  3:40  Assimilator  
  47  3:44  Phoenix, Probe (Chrono Boost)  
  50  3:50  Robotics Facility  
  50  3:53  Pylon  
  51  3:57  Probe (Chrono Boost)  
  51  3:59  Probe (Chrono Boost)  
  52  4:04  Probe (Chrono Boost)  
  52  4:05  Probe (Chrono Boost)  
  54  4:11  Phoenix  
  54  4:15  Probe  
  57  4:20  Probe  
  58  4:27  Probe  
  59  4:32  Pylon  
  59  4:36  Phoenix  
  59  4:37  Observer (Chrono Boost)  
  62  4:39  Robotics Bay  
  62  4:41  Nexus  
  62  4:42  Pylon  
  62  4:50  Probe  
  62  4:51  Immortal (Chrono Boost), Probe  
  64  4:57  Sentry  
  70  5:02  Shield Battery  
  70  5:04  Pylon  
  70  5:06  Probe x2  
  72  5:12  Phoenix  
  74  5:18  Probe x2  
  76  5:23  Colossus (Chrono Boost)  
  82  5:30  Probe x2  
  82  5:34  Pylon  
  84  5:35  Pylon  
  84  5:39  Phoenix  
  86  5:45  Extended Thermal Lance  
  86  5:51  Pylon  
  86  5:52  Probe x2  
  86  5:53  Probe  
  89  6:01  Shield Battery  
  89  6:07  Colossus (Chrono Boost)  
  89  6:09  Probe  
  96  6:14  Gateway, Pylon  
  96  6:15  Gateway  
  96  6:21  Pylon  
  96  6:25  Zealot x2  
  100  6:27  Probe  
  100  6:28  Pylon  
  100  6:31  Shield Battery  
  101  6:35  Phoenix  
  101  6:36  Probe  
  101  6:39  Probe  
  104  6:44  Gateway x2  
  103  6:50  Zealot x2  
  101  7:00  Phoenix  
  101  7:01  Colossus (Chrono Boost)  
  87  7:20  Sentry x2, Gateway x2, Stalker  
  87  7:21  Gateway  
  87  7:22  Sentry  
  95  7:25  Phoenix, Probe  
  98  7:32  Probe  
  98  7:35  Gateway  
  98  7:36  Gateway  
  99  7:43  Stalker x2  
  100  7:45  Zealot x2  
  100  7:46  Zealot x2  
  100  7:50  Phoenix  
  108  7:57  Probe  
  108  7:58  Probe  
  98  8:06  Zealot x5  
Show
View Real Time Build Order
Export as new Build Order

Spirit Terran - Winner!

Build Orders:  

Get SALT Encoding   

  12  0:00  SCV  
  13  0:12  SCV  
  14  0:16  Supply Depot  
  14  0:25  SCV  
  15  0:38  SCV  
  15  0:40  Barracks  
  16  0:44  Refinery  
  16  0:50  SCV  
  17  1:02  SCV  
  18  1:14  SCV  
  19  1:27  Orbital Command, Marine  
  20  1:46  Barracks Reactor  
  20  1:47  Command Center  
  20  1:53  SCV  
  21  1:55  Supply Depot  
  21  2:05  SCV  
  21  2:08  Factory  
  22  2:17  SCV  
  22  2:22  Bunker, Marine  
  23  2:25  Marine  
  26  2:30  SCV  
  26  2:40  Marine  
  26  2:42  SCV  
  26  2:43  Marine  
  29  2:51  Hellion  
  29  2:52  Starport  
  31  2:59  SCV, Orbital Command  
  31  3:03  Marine  
  31  3:05  Marine  
  34  3:11  Refinery, SCV  
  35  3:13  Factory Tech Lab  
  35  3:21  Marine  
  35  3:23  SCV  
  35  3:24  Marine  
  35  3:26  SCV  
  39  3:31  Barracks  
  39  3:35  SCV  
  39  3:38  SCV  
  41  3:42  Barracks  
  41  3:47  Supply Depot, SCV  
  42  3:49  Raven  
  42  3:50  SCV  
  42  3:52  Marine  
  46  3:56  Factory Tech Lab  
  46  4:02  Refinery  
  46  4:08  SCV x2  
  46  4:09  Supply Depot  
  48  4:14  Marine  
  48  4:17  Engineering Bay  
  49  4:20  SCV x2  
  51  4:24  Stimpack  
  51  4:25  Marauder  
  51  4:26  Supply Depot  
  51  4:33  SCV x2  
  53  4:44  Missile Turret, Marine x3  
  53  4:45  SCV x2  
  58  4:50  Missile Turret  
  58  4:54  Refinery  
  58  4:55  Combat Shield  
  58  4:56  Factory Reactor, Starport Reactor  
  58  4:57  SCV  
  58  4:58  SCV  
  60  5:02  Marauder, Marine  
  60  5:05  Marine  
  60  5:06  Terran Infantry Weapons Level 1  
  64  5:09  SCV  
  64  5:10  SCV  
  64  5:11  Supply Depot  
  64  5:13  Supply Depot  
  66  5:14  Marine  
  68  5:21  SCV  
  68  5:22  SCV, Marine  
  70  5:32  Marine  
  70  5:33  SCV, Marauder x2  
  70  5:34  SCV  
  70  5:35  Supply Depot  
  77  5:39  Medivac  
  77  5:40  Medivac  
  77  5:42  Widow Mine  
  83  5:44  Widow Mine  
  83  5:45  Supply Depot  
  83  5:46  Marine  
  86  5:56  Marine  
  89  5:57  Marauder x2  
  89  6:03  Supply Depot, Marine  
  92  6:04  Concussive Shells  
  92  6:07  Widow Mine x2  
  92  6:09  Supply Depot  
  95  6:14  Medivac x2, Marine  
  102  6:18  Marauder  
  102  6:25  Marauder  
  103  6:27  Command Center  
  103  6:35  Marine  
  103  6:38  Widow Mine x2  
  110  6:40  Marauder  
  110  6:42  Marine  
  110  6:46  Marauder  
  113  6:53  Medivac, Marine  
  101  7:00  Marine  
  94  7:01  Marauder  
  94  7:03  Medivac  
  94  7:07  Marauder  
  94  7:08  Widow Mine  
  97  7:11  Marine  
  97  7:13  Widow Mine  
  97  7:14  SCV  
  101  7:18  Marine  
  101  7:20  SCV  
  101  7:22  Marine  
  104  7:25  Barracks  
  104  7:26  Barracks  
  104  7:28  Marine  
  104  7:29  Marine  
  106  7:32  SCV  
  106  7:35  Marine  
  108  7:37  Viking  
  108  7:39  SCV  
  108  7:40  Marauder  
  108  7:43  Orbital Command  
  113  7:45  SCV  
  113  7:46  Marine  
  113  7:51  Marine  
  116  7:54  Marine  
Tags
 
Add a new tag
Caveats
  • Supply blocks, unpowered buildings, or Contaminate may cause inaccurate times.
  • Supply counts are checked every 10 seconds.